 Dungeon Crawl Stone Soup version 0.27-a0-46-g34d46f0a3f (webtiles) character file.

Game seed: 2027783446725975799

4833 Essalna the Thaumaturge (level 10, -3/59 HPs)
             Began as a Deep Elf Air Elementalist on Jan 6, 2021.
             Was a Priest of Vehumet.
             Slain by a yak (12 damage)
             ... on level 9 of the Dungeon.
             The game lasted 00:29:25 (10163 turns).

Essalna the Thaumaturge (DEAE)                     Turns: 10163, Time: 00:29:25

Health: -3/59      AC:  3    Str:  7    XL:     10   Next: 25%
Magic:  7/26       EV: 17    Int: 24    God:    Vehumet [***...]
Gold:   731        SH:  0    Dex: 15    Spells: 23/30 levels left

rFire    . . .     SeeInvis .   w - +5 trident "Meuckinu" {flame, rC+ Will+ Str+2}
rCold    + . .     Faith    .   (no shield)
rNeg     . . .     Spirit   .   y - +2 robe {Will+}
rPois    +         Reflect  .   F - +0 helmet
rElec    .         Harm     .   (no cloak)
rCorr    .         Rampage  .   (no gloves)
Will     +++..                  t - +1 pair of boots
Stlth    ++........             (no amulet)
HPRegen  0.19/turn              E - -4 ring of protection (curse)
MPRegen  0.20/turn              v - ring of poison resistance

@: no status effects
A: no striking features
a: Renounce Religion


You were on level 9 of the Dungeon.
You worshipped Vehumet.
Vehumet was most pleased with you.
You visited 2 branches of the dungeon, and saw 10 of its levels.
You also visited: Ossuary.

You collected 731 gold pieces.

Inventory:

Hand Weapons
 f - a +3 dagger of venom
 w - the +5 trident "Meuckinu" (weapon) {flame, rC+ Will+ Str+2}
   (You found it on level 8 of the Dungeon)

   It has been specially enchanted to burn those struck by it, causing extra
   injury to most foes and up to half again as much damage against particularly
   susceptible opponents.
   It affects your strength (+2).
   It protects you from cold.
   It affects your willpower, your defense against some magical effects.
 D - the cursed +1 hunting sling of Ihuum {freeze, *Corrode rPois rF+ SInv, unknown}
   (You found it on level 6 of the Dungeon)

   It causes projectiles fired from it to freeze those they strike, causing
   extra injury to most foes and up to half again as much damage against
   particularly susceptible opponents.
   They can also slow down cold-blooded creatures.
   It protects you from fire.
   It protects you from poison.
   It lets you see invisible.
   It may corrode you when you take damage.
   It has a curse placed upon it.
Armour
 t - a +1 pair of boots (worn)
 y - a +2 robe of willpower (worn)
 F - a +0 helmet (worn)
Magical Staves
 k - an uncursed staff of fire
Jewellery
 b - an uncursed ring of positive energy
 p - an uncursed ring of flight
 v - a ring of poison resistance (right hand)
 E - a cursed -4 ring of protection (left hand)
Scrolls
 a - 2 scrolls of immolation {unknown}
 e - 3 scrolls of remove curse
 g - 7 scrolls of identify
 h - 2 scrolls of random uselessness
 n - 6 scrolls of teleportation
 u - 2 scrolls of noise {unknown}
 z - a scroll of fear
 B - a scroll of blinking {unknown}
 C - a scroll of summoning {unknown}
 G - a scroll of vulnerability {unknown}
Potions
 c - a potion of brilliance {unknown}
 d - a potion of berserk rage
 i - 2 potions of degeneration {unknown}
 j - a potion of resistance {unknown}
 l - a potion of attraction {unknown}
 m - 4 potions of flight {unknown}
 o - 9 potions of curing {unknown}
 q - 2 potions of ambrosia {unknown}
 r - 2 potions of mutation {unknown}
 s - 4 potions of might {unknown}
 x - a potion of invisibility {unknown}
 A - a potion of lignification {unknown}


   Skills:
 + Level 5.0 Fighting
 + Level 2.6 Armour
 + Level 7.8 Dodging
 - Level 2.4 Stealth
 + Level 10.9 Spellcasting
 - Level 3.0 Conjurations
 + Level 8.7 Air Magic


You had 23 spell levels left.
You knew the following spells:

 Your Spells              Type           Power        Failure   Level
a - Shock                 Conj/Air       100%         1%          1
b - Swiftness             Air            53%          1%          2
c - Airstrike             Air            26%          1%          4

Your spell library contained the following spells:

 Spells                   Type           Power        Failure   Level
 Olgreb's Toxic Radiance  Pois           13%          13%         4
 Static Discharge         Conj/Air       41%          1%          3
 Lightning Bolt           Conj/Air       20%          3%          5


Dungeon Overview and Level Annotations

Branches:
Dungeon (9/15)             Temple (1/1) D:4         Ossuary (visited)
   Lair: D:8-11         Orc: D:9-12

Altars:
Dithmenos
Elyvilon
Fedhas
Gozag
Hepliaklqana
Kikubaaqudgha
Makhleb
Nemelex Xobeh
Okawaru
Qazlal
Sif Muna
Trog
Uskayaw
Vehumet
Wu Jian
Xom
Yredelemnul
Zin
The Shining One

Shops:
D:7 ?


Message History

You kill the yak!
Vehumet accepts your kill. The yak closely misses you.
Casting: Airstrike (safe; 1% risk of failure)
Confirm with . or Enter, or press ? or * to list all spells.
Aiming: Airstrike (safe; 1% risk of failure)
Press: ? - help, Dir - move target, f - yak
Aim: a yak The air twists around and strikes the yak!!
The yak is heavily wounded.
The yak gores you but does no damage.
Casting: Airstrike (safe; 1% risk of failure)
Confirm with . or Enter, or press ? or * to list all spells.
Aiming: Airstrike (safe; 1% risk of failure)
Press: ? - help, Dir - move target, f/p - yak
Aim: a yak (heavily wounded)
The air twists around and strikes the yak!
The yak is almost dead.
The yak gores you!
You die...

#.# #.# #.#
#)# ##)# >#.#
#######.#†#
#.......#.#
#....@..#.#
#...Y...#.#
#.......#.#
.##.......#.#
..........#.#
....###.#.#.#
P... #.#.#.#
.♣. #.#.#.#
.†......#.#.#


You could see a yak.

Vanquished Creatures
  Prince Ribbit (D:8)
  3 wyverns (D:9)
  4 yaks
  3 water moccasins (D:9)
  3 orc warriors
  6 black bears
  An ice beast (D:5)
  A sky beast (D:7)
  3 ogres
  A wolf (D:9)
  2 centaurs
  2 big kobolds
  2 bullfrogs
  Blork the orc (D:5)
  A wyvern zombie (D:6)
  A water moccasin skeleton (D:7)
  A wyvern skeleton (D:8)
  A scorpion (D:7)
  3 howler monkeys (D:7)
  A bullfrog zombie (D:5)
  A quasit (D:6)
  6 hounds
  A jelly (D:5)
  2 orc priests
  A gnoll shaman (D:6)
  A bullfrog skeleton (D:4)
  A centaur skeleton (D:8)
  5 iguanas
  An orc wizard (D:7)
  7 worker ants
  2 big kobold zombies (Ossuary)
  8 mummies (Ossuary)
  3 gnolls (D:6)
  7 adders
  2 shadow imps (D:7)
  A white imp (D:6)
  2 oozes
  3 worms
  4 dart slugs
  8 leopard geckos
  21 orcs
  3 ball pythons
  5 bats
  7 giant cockroaches
  A gnoll zombie (Ossuary)
  7 goblins
  9 hobgoblins
  16 jackals
  16 kobolds
  7 quokkas
  7 frilled lizards
  A hobgoblin zombie (Ossuary)
  2 kobold zombies (Ossuary)
  2 orc zombies (Ossuary)
  6 rats
217 creatures vanquished.

Vanquished Creatures (others)
  14 fungi
  17 plants
31 creatures vanquished.

Grand Total: 248 creatures vanquished

Notes
Turn   | Place    | Note
-------+----------+-------------------------------------------
     0 | D:1      | Essalna the Deep Elf Air Elementalist began the quest for
                  | the Orb.
     0 | D:1      | Reached XP level 1. HP: 10/10 MP: 6/6
   186 | D:1      | Reached XP level 2. HP: 14/15 MP: 6/8
   714 | D:1      | Reached XP level 3. HP: 17/19 MP: 10/10
   851 | D:2      | Found a blossoming altar of Fedhas.
  1063 | D:2      | Reached skill level 4 in Spellcasting
  1181 | D:2      | Reached XP level 4. HP: 24/24 MP: 3/12
  1508 | D:2      | Learned a level 2 spell: Swiftness
  1513 | D:2      | Learned a level 4 spell: Airstrike
  2358 | D:3      | Reached XP level 5. HP: 28/28 MP: 10/14
  2604 | D:3      | Reached skill level 5 in Spellcasting
  2753 | D:3      | Found a sparkling altar of Nemelex Xobeh.
  3049 | D:4      | Found a staircase to the Ecumenical Temple.
  3065 | Temple   | Entered the Ecumenical Temple
  3272 | Temple   | Became a worshipper of Vehumet
  3922 | D:4      | Reached XP level 6. HP: 32/32 MP: 10/16
  4223 | D:5      | Entered Level 5 of the Dungeon
  4399 | D:5      | Reached skill level 6 in Spellcasting
  4399 | D:5      | Reached skill level 5 in Air Magic
  4890 | D:5      | Noticed Blork the orc
  4921 | D:6      | Reached skill level 7 in Spellcasting
  4921 | D:6      | Reached XP level 7. HP: 36/36 MP: 9/19
  4979 | D:6      | Found a sand-covered staircase.
  4984 | Ossuary  | Entered an ossuary
  5242 | Ossuary  | Reached * piety under Vehumet
  5242 | Ossuary  | Offered knowledge of Sandblast by Vehumet.
  5786 | D:5      | Killed Blork the orc
  5787 | D:5      | Reached skill level 1 in Fighting
  5855 | D:5      | Reached skill level 8 in Spellcasting
  6027 | D:6      | Reached XP level 8. HP: 43/43 MP: 13/22
  6184 | D:6      | Found a shimmering blue altar of Sif Muna.
  6186 | D:6      | Found a shadowy altar of Dithmenos.
  6306 | D:6      | Found a bloodstained altar of Trog.
  6306 | D:6      | Found a hazy altar of Hepliaklqana.
  6311 | D:6      | Found a white marble altar of Elyvilon.
  6330 | D:6      | Found an ornate altar of the Wu Jian Council.
  6343 | D:6      | Found an ancient bone altar of Kikubaaqudgha.
  6355 | D:6      | Got a bloodstained hunting sling
  7047 | D:7      | Reached skill level 5 in Dodging
  7047 | D:7      | Reached skill level 9 in Spellcasting
  7347 | D:7      | Offered knowledge of Freeze by Vehumet.
  7387 | D:7      | Found a hide-covered altar of Uskayaw.
  7553 | D:7      | Reached ** piety under Vehumet
  8151 | D:7      | Found Igyoqiu's Magic Scroll Emporium.
  8170 | D:7      | Reached XP level 9. HP: 51/51 MP: 17/24
  8340 | D:8      | Noticed Prince Ribbit
  8344 | D:8      | Killed Prince Ribbit
  8561 | D:8      | Offered knowledge of Inner Flame by Vehumet.
  8661 | D:8      | Reached skill level 10 in Spellcasting
  8746 | D:8      | Got a scorched trident
  8905 | D:8      | Identified the +5 trident "Meuckinu" {flame, rC+ Will+
                  | Str+2} (You found it on level 8 of the Dungeon)
  9280 | D:8      | Reached *** piety under Vehumet
  9353 | D:9      | Reached skill level 1 in Armour
  9623 | D:9      | Reached XP level 10. HP: 58/58 MP: 14/26
  9792 | D:9      | Offered knowledge of Olgreb's Toxic Radiance by Vehumet.
 10022 | D:9      | Reached skill level 5 in Fighting
 10163 | D:9      | Slain by a yak

Illustrated notes

Levels and vault maps discovered:
D:1:      wheals_arrival_shading, layout_basic
D:2:      layout_basic, fedhas_altar_3
D:3:      minmay_inner_zag, layout_loops_ring, old_standard_altar,
          kennysheep_generic_room_9
D:4:      layout_gridville, temple_pool_b, hangedman_decor_opposing
D:5:      layout_gridville, uniq_blork_the_orc
D:6:      layout_rooms, chequers_temple_overflow_minitemple,
          nicolae_overflow_hidden_temple, enter_ossuary_2
D:7:      layout_basic, lemuel_crystal_altar, serial_shops,
          kennysheep_little_box
D:8:      layout_loops_cross, uniq_prince_ribbit1
D:9:      layout_basic, nicolae_ru_awakened_eye, minmay_lair_entry_grove,
          uniq_joseph, uniq_harold
Temple:   minmay_temple_forest_path

Skill      XL: |  1  2  3  4  5  6  7  8  9 10 |
---------------+-------------------------------+-----
Conjurations   | 2 3 |  3.0
Spellcasting   | 4 5 7 8 9 10 | 10.9
Air Magic      | 4 5 6 7 8 |  8.7
Fighting       | 1 3 4 5 |  5.0
Dodging        | 3 5 7 |  7.8
Armour         | 2 |  2.6
Stealth        | |  2.4

Action                   |  1- 3 |  4- 6 |  7- 9 | 10-12 || total
-------------------------+-------+-------+-------+-------++-------
Melee: Dagger            |    25 |     5 |     4 |       ||    34
       Trident           |       |       |     2 |       ||     2
 Cast: Shock             |    38 |   148 |   242 |    21 ||   449
       Airstrike         |       |     2 |    63 |    16 ||    81
       Swiftness         |       |       |     3 |       ||     3
  Use: Scroll            |       |     9 |     3 |       ||    12
 Stab: Sleeping          |     6 |     3 |     2 |       ||    11
Armor: Robe              |     9 |     3 |    15 |     3 ||    30
Dodge: Dodged            |    22 |    17 |    47 |     5 ||    91

Table legend: (Time is in decaauts)
 A = Elapsed time spent in this place.
 B = Non-inter-level travel time spent in this place.
 C = Inter-level travel time spent in this place.
 D = Time resting spent in this place.
 E = Time spent auto-exploring this place.
 F = Levels seen in this place.
 G = Mean time per level.
                   A        B        C        D        E       F      G
               +--------+--------+--------+--------+--------+-----+--------+
         Total |  10166 |   9703 |    463 |    492 |   8002 |  11 |  924.2 |
       Dungeon |   9271 |   8870 |    401 |    492 |   7298 |   9 | 1030.1 |
        Temple |    267 |    205 |     62 |      0 |    203 |   1 |  267.0 |
       Ossuary |    626 |    626 |      0 |      0 |    501 |   1 |  626.0 |
               +--------+--------+--------+--------+--------+-----+--------+

Top non-repeatable levels by time:
     D:7: 1325 daAuts
     D:3: 1201 daAuts
     D:6: 1194 daAuts
     D:8: 1148 daAuts
     D:2: 1043 daAuts
     D:4: 938 daAuts
     D:5: 923 daAuts
     D:1: 774 daAuts
     D:9: 721 daAuts
 Ossuary: 626 daAuts
  Temple: 267 daAuts
